 Dungeon Crawl Stone Soup version 0.30-b1-5-g8e6c1be481 (webtiles) character file.

Game seed: 1959021431881054143

94 greasedhog the Slasher (level 4, -7/37 HPs)
             Began as a Merfolk Fighter on May 4, 2023.
             Mangled by Menkaure (12 damage)
             ... on level 4 of the Dungeon.
             The game lasted 00:04:29 (2244 turns).

greasedhog the Slasher (Merfolk Fighter)            Turns: 2244, Time: 00:04:30

Health: -7/37      AC:  7    Str: 16    XL:     4   Next: 63%
Magic:  4/4        EV: 10    Int:  7    God:
Gold:   181        SH:  5    Dex: 15    Spells: 3/3 levels left

rFire   . . .        a - +0 long sword
rCold   . . .        c - +0 buckler
rNeg    + . .        h - +0 ring mail
rPois   .            o - +0 helmet
rElec   .            (no cloak)
rCorr   .            (no gloves)
SInv    .            g - +0 pair of boots
Will    .....        (no amulet)
Stlth   +            b - ring of positive energy
HPRegen 0.26/turn    (no ring)
MPRegen 0.09/turn

%: no passive effects
@: mighty
A: (nimble swimmer 2), mertail
a: no special abilities


You were on level 4 of the Dungeon.
You visited 1 branch of the dungeon, and saw 4 of its levels.

You collected 181 gold pieces.

Inventory:

Hand Weapons
 a - a +0 long sword (weapon)
Armour
 c - a +0 buckler (worn)
 g - a +0 pair of boots (worn)
 h - a +0 ring mail (worn)
 o - a +0 helmet (worn)
Jewellery
 b - a ring of positive energy (left hand)
Scrolls
 k - a scroll of teleportation
 l - a scroll of magic mapping
 p - a scroll of butterflies {unknown}
 q - a scroll of immolation
 r - a scroll of enchant armour {unknown}
Potions
 e - 2 potions of heal wounds
 f - a potion of invisibility {unknown}
 i - a potion of attraction {unknown}
 j - 3 potions of haste {unknown}
 m - a potion of flight {unknown}
 n - a potion of berserk rage {unknown}
 s - 2 potions of curing {unknown}
 t - a potion of mutation {unknown}


   Skills:
 + Level 4.2 Fighting
 * Level 4.7 Long Blades
 - Level 2.1 Armour
 - Level 1.0 Dodging
 - Level 3.0 Shields


You had 3 spell levels left.
You didn't know any spells.
Your spell library contained the following spells:

 Spells                   Type           Power      Damage    Failure   Level
 Freeze                   Ice            0%         1d3       75%         1
 Necrotise                Necr           0%         1d4       75%         1
 Frozen Ramparts          Ice            0%         1d1       98%         3
 Hailstorm                Conj/Ice       0%         3d3       98%         3
 Inner Flame              Hex/Fire       0%         N/A       98%         3
 Ozocubu's Armour         Ice            0%         N/A       98%         3
 Vampiric Draining        Necr           0%         2d6       98%         3
 Agony                    Necr           0%         N/A       100%        5
 Yara's Violent Unravell  Hex/Tmut       0%         3d3       100%        5
 Enfeeble                 Hex            0%         N/A       100%        7
 Ozocubu's Refrigeration  Ice            0%         4d7       100%        7


Dungeon Overview and Level Annotations

Branches:
Dungeon (4/15)
 Temple: D:4-7

Altars:

Shops:
D:3 (

Annotations:
D:4 Menkaure


Innate Abilities, Weirdness & Mutations

((You are very nimble when in or above water. (Stealth+, EV+, Speed+++)))
Your lower body shifts to a powerful aquatic tail in water.


Message History

The worm barely misses you.
You slash the worm!
The worm is heavily wounded.
The worm bites you.
You hit the worm but do no damage.
The worm is moderately wounded.
You hit the worm.
The worm is severely wounded.
You block the worm's attack.
You hit the worm.
The worm is almost dead.
The worm bites you but does no damage.
You hit the worm.
The worm is almost dead.
The worm bites you.
You slash the worm!
You kill the worm!
You see here a worm corpse.
t - a murky pink potion HP restored.
Found a stone staircase leading down.
Menkaure, Prince of Dust comes into view.
Menkaure shouts!
You hear a shout!
An orc priest comes into view. It is wielding a +0 mace.
There are monsters nearby!
There are monsters nearby!
There is a stone staircase leading up here.
You start waiting.
Menkaure is nearby!
You feel very mighty all of a sudden.
Menkaure calls on the powers of darkness!
Your body is wracked with pain!
A jackal comes into view.
Found 6 gold pieces.
The jackal barks!
You hear a bark!
Menkaure hits you!!
* * * LOW HITPOINT WARNING * * *
You hear a bark! x2
You barely miss Menkaure. Menkaure hits you!
You die...

#############
######...........######
.......#######..).....#
#######........#.####.#
..#####.#####..#.#
#..............#<##.
...............#@#..
#..####.####...M..h.$...
#..####..†..............
#........###.##.##.##.##
##.#####.###.#...#.# #
....###.#...........
##..##.###.#.#...#..#
......#####.....##..#
###.##.....####.#


You could see Menkaure and a jackal.

Vanquished Creatures
  2 adders
  3 worms
  4 dart slugs
  An orc (D:3)
  3 ball pythons
  3 bats
  6 endoplasms
  2 giant cockroaches (D:1)
  8 goblins
  5 hobgoblins
  4 kobolds (D:1)
  4 quokkas
  5 frilled lizards
  4 rats
54 creatures vanquished.

Notes
Turn   | Place    | Note
-------+----------+-------------------------------------------
     0 | D:1      | greasedhog the Merfolk Fighter began the quest for the Orb.
     0 | D:1      | Reached XP level 1. HP: 18/18 MP: 1/1
   190 | D:1      | Reached XP level 2. HP: 21/24 MP: 2/2
   473 | D:1      | Reached XP level 3. HP: 24/30 MP: 3/3
   964 | D:2      | Reached skill level 1 in Dodging
  1299 | D:2      | Reached XP level 4. HP: 35/37 MP: 4/4
  1807 | D:3      | Found Useblai's Weapon Boutique.
  2201 | D:4      | Noticed Menkaure
  2244 | D:4      | Mangled by Menkaure

Illustrated notes

Levels and vault maps discovered:
D:1:      minmay_arrival_five_plusses, layout_basic
D:2:      layout_rooms, guppyfry_early_lair_pool
D:3:      layout_loops_ring, serial_shops, nicolae_shop_advertising_works
          [nicolae_subvault_shop_adworks]
D:4:      layout_loops_ring, mainiacjoe_overflow_tiny_flanked,
          mainiacjoe_overflow_paths, uniq_crazy_yiuf_cottage, uniq_robin,
          uniq_menkaure

Skill      XL: |  1  2  3 |
---------------+----------+-----
Long Blades    | 3 4 |  4.7
Dodging        | 1 |  1.0
Fighting       | 4 |  4.2
Armour         | |  2.1
Shields        | |  3.0

Action                     |  1- 3 |  4- 6 || total
---------------------------+-------+-------++-------
  Melee: Long sword        |   102 |    54 ||   156
    Use: Scroll            |       |     4 ||     4
         Potion            |       |     1 ||     1
 Armour: Scale mail        |    14 |       ||    14
         Ring mail         |    13 |    23 ||    36
  Dodge: Dodged            |    53 |    26 ||    79
  Block: Buckler           |    32 |     9 ||    41
